 Dungeon Crawl Stone Soup version 0.26.1-11-gd32895ea62 (webtiles) character file.

Game seed: 11000335330398877011

1983 jlumianski the Magician (level 9, -2/69 HPs)
             Began as a Gnoll Warper on July 11, 2021.
             Was a Follower of Qazlal.
             Killed from afar by a gargoyle (18 damage)
             ... with a stone arrow
             ... on level 6 of the Dungeon.
             The game lasted 00:42:26 (9042 turns).

jlumianski the Magician (Gnoll Warper)              Turns: 9042, Time: 00:42:26

Health: -2/69      AC:  8    Str: 14    XL:     9   Next: 20%
Magic:  18/18      EV: 14    Int: 19    God:    Qazlal [*.....]
Gold:   342        SH:  1    Dex: 14    Spells: 16/21 levels left

rFire    + . .     SeeInvis .   V - +5 hand axe
rCold    . . .     Faith    .   (no shield)
rNeg     . . .     Spirit   .   F - +1 ring mail {rPois}
rPois    +         Reflect  .   (no helmet)
rElec    .         Harm     .   (no cloak)
rCorr    .         Rampage  .   x - +0 pair of gloves
Will     .....                  (no boots)
Stlth    ++........             (no amulet)
HPRegen  0.21/turn              J - ring of protection from fire
MPRegen  0.16/turn              (no ring)

@: no status effects
A: distributed training, fangs 1, strong nose
a: Renounce Religion


You were on level 6 of the Dungeon.
You worshipped Qazlal.
Qazlal was aware of your devotion.
You visited 2 branches of the dungeon, and saw 7 of its levels.

You collected 342 gold pieces.

Inventory:

Hand Weapons
 a - a +0 hand axe
 s - a +2 vorpal mace
 t - a +0 hunting sling
 B - a +1 short sword of venom
 H - a +2 dagger of speed
 K - a cursed +0 quarterstaff
 M - a +0 war axe
 P - a +1 dire flail of protection
 S - a +0 shortbow
 U - a +2 short sword of speed
 V - a +5 hand axe (weapon)
 X - a +3 hand axe
Missiles
 c - 306 stones
 e - 5 boomerangs of dispersal
 j - 21 sling bullets
 l - 4 poisoned darts (quivered)
 p - 93 arrows
 q - 69 bolts
 I - 3 boomerangs
Armour
 b - a +0 leather armour
 h - a +0 ring mail
 x - a +0 pair of gloves (worn)
 F - a +1 ring mail of poison resistance (worn)
 N - a +3 ring mail
Jewellery
 C - an uncursed amulet of faith
 J - a ring of protection from fire (left hand)
Wands
 y - a wand of random effects (9)
 G - a wand of polymorph (9)
Scrolls
 d - 3 scrolls of blinking
 m - 3 scrolls of identify
 o - 3 scrolls of remove curse {unknown}
 r - 3 scrolls of teleportation {unknown}
 w - 2 scrolls of magic mapping {unknown}
 D - a scroll of fear {unknown}
 Q - 2 scrolls of immolation {unknown}
 R - 3 scrolls of fog {unknown}
 W - a scroll of amnesia {unknown}
Potions
 f - a potion of flight
 g - 2 potions of lignification
 i - a potion of haste {unknown}
 k - 3 potions of curing {unknown}
 n - 2 potions of heal wounds
 u - a potion of attraction {unknown}
 v - 3 potions of magic {unknown}
 z - 2 potions of degeneration {unknown}
 A - 2 potions of resistance {unknown}
 E - a potion of mutation {unknown}
 L - a potion of berserk rage {unknown}
 O - 3 potions of brilliance {unknown}
 T - a potion of might {unknown}


   Skills:
 + Level 6.1 Fighting
 + Level 4.0 Short Blades
 + Level 4.0 Long Blades
 + Level 6.1 Axes
 + Level 4.0 Maces & Flails
 + Level 4.0 Polearms
 + Level 4.0 Staves
 + Level 4.0 Slings
 + Level 4.0 Bows
 + Level 4.0 Crossbows
 + Level 4.8 Throwing
 + Level 4.8 Armour
 + Level 6.1 Dodging
 + Level 4.0 Stealth
 + Level 4.0 Shields
 + Level 4.0 Unarmed Combat
 + Level 6.5 Spellcasting
 + Level 3.3 Conjurations
 + Level 3.3 Hexes
 + Level 3.3 Summonings
 + Level 3.3 Necromancy
 + Level 6.4 Translocations
 + Level 3.3 Transmutations
 + Level 3.3 Fire Magic
 + Level 3.3 Ice Magic
 + Level 3.3 Air Magic
 + Level 3.3 Earth Magic
 + Level 3.3 Poison Magic
 + Level 4.4 Invocations
 + Level 4.0 Evocations


You had 16 spell levels left.
You knew the following spells:

 Your Spells              Type           Power        Failure   Level
a - Blink                 Tloc           N/A          2%          2
b - Gell's Gravitas       Tloc           15%          4%          3

Your spell library contained the following spells:

 Spells                   Type           Power        Failure   Level
 Lesser Beckoning         Tloc           15%          4%          3
 Teleport Other           Tloc           30%          4%          3
 Passage of Golubria      Tloc           N/A          14%         4


Dungeon Overview and Level Annotations

Branches:
Dungeon (6/15)             Temple (1/1) D:5

Altars:
Ashenzari
Cheibriados
Dithmenos
Elyvilon
Fedhas
Gozag
Hepliaklqana
Kikubaaqudgha
Makhleb
Nemelex Xobeh
Okawaru
Qazlal
Ru
Sif Muna
Trog
Uskayaw
Vehumet
Wu Jian
Xom
Yredelemnul
Zin
The Shining One

Shops:
D:5 =


Innate Abilities, Weirdness & Mutations

Your experience applies equally to all skills.
You have very sharp teeth.
Your uncanny sense of smell can sniff out nearby items.


Message History

The gargoyle misses you.
You hit the gargoyle.
You bite the gargoyle, but do no damage.
The gargoyle is severely damaged.
You hit the gargoyle but do no damage.
The gargoyle is severely damaged.
The gargoyle closely misses you.
You completely miss the gargoyle.
The gargoyle is severely damaged.
The gargoyle hurls a stone arrow at you.
The stone arrow hits you!!
* * * LOW HITPOINT WARNING * * *
You hit the gargoyle.
The gargoyle is severely damaged.
The gargoyle closely misses you.
You hit the gargoyle but do no damage.
The gargoyle is severely damaged.
The gargoyle hurls a stone arrow at you.
The stone arrow hits you!!
You die...

.# #..#.###..[..#.# #.#....#.#
.###..#[#######.#.######.######..
.............[.....).............
.####.#..#####..#.#......#.......
...<#.#...# #..#.#......#.#####.
....#.#.#.####..#.#......#.# ##
##...................[...#.#
......#.#.####.##.#......#.######
#######.........@9)......#......#
..........)..#.######....#......#
####.....#.#.#.#.........#......#
...'.........#.#.#####...#......#
.........#.###.#.# #..)#......#
###.###..#..##.#.# #...#......#
#.....#..##.##.#.#####...#....)†'
#.....#..##.##.#.....'...##.....#
.......).##.##.#######...##.....#


You could see a gargoyle.

Vanquished Creatures
  Sigmund (D:5)
  Edmund (D:5)
  2 sky beasts
  4 ogres
  2 phantoms
  A centaur (D:6)
  A bullfrog (D:6)
  A scorpion (D:4)
  4 wights (D:6)
  3 bullfrog zombies
  A quasit (D:5)
  An orc priest (D:1)
  A centaur skeleton (D:6)
  A jelly (D:6)
  3 iguanas
  3 orc wizards
  2 worker ants (D:4)
  A hound zombie (D:6)
  2 worker ant zombies (D:5)
  2 adders (D:3)
  3 shadow imps
  A white imp (D:5)
  An ufetubus (D:5)
  An adder zombie (D:6)
  2 oozes
  3 worms
  3 dart slugs
  5 leopard geckos
  21 orcs
  4 giant cockroaches
  10 goblins
  8 hobgoblins
  8 jackals
  4 kobolds
  4 quokkas
  3 bats
  4 frilled lizards
  A jackal skeleton (D:4)
  A quokka zombie (D:5)
  4 rats
  A bush (D:5)
129 creatures vanquished.

Vanquished Creatures (others)
  2 plants (D:5)
2 creatures vanquished.

Grand Total: 131 creatures vanquished

Notes
Turn   | Place    | Note
-------+----------+-------------------------------------------
     0 | D:1      | jlumianski the Gnoll Warper began the quest for the Orb.
     0 | D:1      | Reached XP level 1. HP: 20/20 MP: 6/6
   223 | D:1      | Reached XP level 2. HP: 5/26 MP: 7/7
   227 | D:1      | Learned a level 2 spell: Blink
  1120 | D:2      | Reached skill level 5 in Spellcasting
  1120 | D:2      | Reached skill level 1 in Invocations
  1120 | D:2      | Reached XP level 3. HP: 21/31 MP: 7/9
  1154 | D:1      | Learned a level 3 spell: Gell's Gravitas
  1226 | D:1      | Reached skill level 1 in Short Blades
  1226 | D:1      | Reached skill level 1 in Long Blades
  1226 | D:1      | Reached skill level 1 in Maces & Flails
  1226 | D:1      | Reached skill level 1 in Polearms
  1226 | D:1      | Reached skill level 1 in Staves
  1226 | D:1      | Reached skill level 1 in Slings
  1226 | D:1      | Reached skill level 1 in Bows
  1226 | D:1      | Reached skill level 1 in Crossbows
  1226 | D:1      | Reached skill level 1 in Stealth
  1226 | D:1      | Reached skill level 1 in Shields
  1226 | D:1      | Reached skill level 1 in Unarmed Combat
  1226 | D:1      | Reached skill level 1 in Evocations
  1377 | D:1      | Reached XP level 4. HP: 9/38 MP: 8/11
  1752 | D:2      | Reached skill level 1 in Conjurations
  1752 | D:2      | Reached skill level 1 in Hexes
  1752 | D:2      | Reached skill level 1 in Summonings
  1752 | D:2      | Reached skill level 1 in Necromancy
  1752 | D:2      | Reached skill level 1 in Transmutations
  1752 | D:2      | Reached skill level 1 in Fire Magic
  1752 | D:2      | Reached skill level 1 in Ice Magic
  1752 | D:2      | Reached skill level 1 in Air Magic
  1752 | D:2      | Reached skill level 1 in Earth Magic
  1752 | D:2      | Reached skill level 1 in Poison Magic
  2736 | D:3      | Reached XP level 5. HP: 39/43 MP: 12/12
  3009 | D:3      | Found a basalt altar of Yredelemnul.
  3028 | D:3      | Found a burning altar of Makhleb.
  3039 | D:3      | Found a broken altar of Ashenzari.
  3042 | D:3      | Found a blossoming altar of Fedhas.
  3379 | D:3      | Found a faded altar of an unknown god.
  3963 | D:4      | Noticed an ogre
  3975 | D:4      | Killed an ogre
  3976 | D:4      | Reached skill level 5 in Fighting
  3976 | D:4      | Reached skill level 5 in Axes
  3976 | D:4      | Reached skill level 5 in Dodging
  3976 | D:4      | Reached XP level 6. HP: 51/51 MP: 8/14
  4979 | D:5      | Entered Level 5 of the Dungeon
  4979 | D:5      | Noticed a phantom
  4980 | D:5      | Found a staircase to the Ecumenical Temple.
  4999 | D:4      | Reached XP level 7. HP: 56/56 MP: 15/15
  5473 | Temple   | Entered the Ecumenical Temple
  5481 | Temple   | Became a worshipper of Qazlal Stormbringer
  5504 | D:5      | Found Fiufuf's Jewellery Shoppe.
  6189 | D:5      | Noticed Sigmund
  6200 | D:5      | Killed Sigmund
  6201 | D:5      | Reached XP level 8. HP: 63/63 MP: 16/16
  6220 | D:5      | Noticed Edmund
  6266 | D:5      | Killed Edmund
  7138 | D:6      | Found a broken altar of Ashenzari.
  7568 | D:6      | Reached * piety under Qazlal
  7763 | D:6      | Reached XP level 9. HP: 26/65 MP: 8/18
  8177 | D:6      | Noticed a gargoyle
  9042 | D:6      | Killed from afar by a gargoyle

Illustrated notes

Levels and vault maps discovered:
D:1:      eino_arrival_cavern_e, layout_loops_cross, minivault_11,
          kennysheep_minor_cross, minmay_indecisive_spiral
D:2:      cheibrodos_pilgrimage, layout_basic, minmay_pentomino_s4
D:3:      layout_basic, grunt_temple_overflow_cloverleaf,
          chequers_ecumenical_altar_grove, grunt_ministairs_15
D:4:      layout_loops_corners, chequers_arboretum
D:5:      layout_loops_ring, minmay_temple_entry_overgrown, serial_shops, shop,
          grunt_decor_cap, sigmund_edmund_badplayer
D:6:      layout_basic, basic_altar, minmay_chambers_of_fives
Temple:   nicolae_temple_no_exploring_needed

Skill      XL: |  1  2  3  4  5  6  7  8  9 |
---------------+----------------------------+-----
Spellcasting   | 5 6 |  6.5
Invocations    | 1 2 3 4 |  4.4
Short Blades   | 1 2 3 4 |  4.0
Long Blades    | 1 2 3 4 |  4.0
Maces & Flails | 1 2 3 4 |  4.0
Polearms       | 1 2 3 4 |  4.0
Staves         | 1 2 3 4 |  4.0
Slings         | 1 2 3 4 |  4.0
Bows           | 1 2 3 4 |  4.0
Crossbows      | 1 2 3 4 |  4.0
Stealth        | 1 2 3 4 |  4.0
Shields        | 1 2 3 4 |  4.0
Unarmed Combat | 1 2 3 4 |  4.0
Evocations     | 1 2 3 4 |  4.0
Conjurations   | 1 2 3 |  3.3
Hexes          | 1 2 3 |  3.3
Summonings     | 1 2 3 |  3.3
Necromancy     | 1 2 3 |  3.3
Transmutations | 1 2 3 |  3.3
Fire Magic     | 1 2 3 |  3.3
Ice Magic      | 1 2 3 |  3.3
Air Magic      | 1 2 3 |  3.3
Earth Magic    | 1 2 3 |  3.3
Poison Magic   | 1 2 3 |  3.3
Throwing       | 3 4 |  4.8
Armour         | 3 4 |  4.8
Fighting       | 5 6 |  6.1
Axes           | 5 6 |  6.1
Dodging        | 5 6 |  6.1
Translocations | 6 |  6.4

Action                   |  1- 3 |  4- 6 |  7- 9 || total
-------------------------+-------+-------+-------++-------
Melee: Hand axe          |    94 |   156 |    83 ||   333
       Bite              |     9 |    24 |    47 ||    80
       Punch             |       |     1 |    11 ||    12
       Dagger            |       |    16 |    37 ||    53
       War axe           |       |       |   228 ||   228
 Fire: Hunting sling     |       |    10 |    20 ||    30
       Shortbow          |       |       |    12 ||    12
Throw: Dart              |    14 |    34 |    27 ||    75
 Cast: Blink             |     7 |    10 |    21 ||    38
       Gell's Gravitas   |     2 |    16 |     9 ||    27
Evoke: Wand              |       |       |    10 ||    10
  Use: Potion            |       |     2 |     1 ||     3
       Scroll            |       |     2 |     5 ||     7
 Stab: Sleeping          |       |       |     1 ||     1
Armor: Leather armour    |     5 |       |       ||     5
       Ring mail         |    12 |    52 |   142 ||   206
Dodge: Dodged            |    55 |    84 |   218 ||   357
Block: Other             |       |       |     3 ||     3
